details: 'heres a present from clan GGL green'

« prev index next »

General information

Mini Map

Players

team 1
Random» HumanMensen (teal | 28 APM | 80 actions | 02:53)

» actions
Basic commands8
Build / train5
ESC pressed1
Enter build submenu9
Right click11
Select / deselect37
Use ability9
80 total
» units
Peasant3
Peon2
5 total
» buildings
Altar of Kings1
Farm1
Altar of Storms1
Orc Burrow1
Barracks2
6 total
» build order
00:03 Altar of Kings
00:06 Farm
00:15 Altar of Storms
00:19 Orc Burrow
00:32 Barracks
00:41 Barracks
OrcFingerBang (yellow | 24 APM | 4 actions | 00:10)

» actions
Build / train1
Right click1
Select / deselect2
4 total
» units
Peon1
1 total
Random» HumanSpallow (pink | 28 APM | 87 actions | 03:03)

» actions
Basic commands25
Build / train7
Enter build submenu8
Right click13
Select / deselect25
Use ability9
87 total
» units
Peasant7
7 total
» buildings
Altar of Kings1
Barracks1
Farm3
Orc Burrow1
Blacksmith1
7 total
» build order
00:08 Altar of Kings
00:19 Barracks
00:44 Farm
01:22 Orc Burrow
02:44 Farm
02:48 Farm
02:58 Blacksmith
NightElfmiazg (red | 27 APM | 81 actions | 02:59)
Hero icon 1 Priestess of the Moon
Ability icon 1 Searing Arrows

» actions
Assign group hotkey2
Build / train15
Enter build submenu7
Enter hero's abilities submenu1
Right click14
Select / deselect33
Use ability9
81 total
» units
Wisp13
13 total
» buildings
Altar of Elders1
Moon Well3
Ancient of War2
Hunter's Hall1
7 total
» build order
00:10 Altar of Elders
00:20 Moon Well
00:47 Moon Well
01:56 Ancient of War
02:14 Hunter's Hall
02:28 Ancient of War
02:56 Moon Well
team 2
HumanbrucewillisUSA (green | 65 APM | 202 actions | 03:05)

» actions
Assign group hotkey16
Basic commands1
Build / train15
ESC pressed1
Enter build submenu6
Right click78
Select / deselect47
Select group hotkey27
Use ability11
202 total
» units
Peasant10
10 total
» buildings
Lumber Mill1
Scout Tower5
Guard Tower5
11 total
» build order
00:13 Lumber Mill
00:55 Scout Tower
00:56 Scout Tower
00:56 Scout Tower
00:57 Scout Tower
01:02 Scout Tower
01:25 Guard Tower
01:35 Guard Tower
01:53 Guard Tower
01:56 Guard Tower
01:56 Guard Tower
Undeadpolaczek (purple | 30 APM | 91 actions | 03:04)

» actions
Assign group hotkey1
Build / train8
Enter build submenu4
Right click27
Select / deselect18
Select group hotkey29
Use ability4
91 total
» units
Acolyte2
Ghoul5
7 total
» buildings
Crypt1
Ziggurat1
Altar of Darkness1
Graveyard1
4 total
» build order
00:18 Crypt
00:24 Ziggurat
00:40 Altar of Darkness
01:02 Graveyard
HumanTerrapinStation (blue | 47 APM | 143 actions | 03:04)
Hero icon 1 Archmage
Ability icon 1 Blizzard

» actions
Basic commands3
Build / train24
Enter build submenu3
Enter hero's abilities submenu1
Right click27
Select / deselect76
Use ability9
143 total
» units
Peasant21
21 total
» buildings
Altar of Kings1
Farm2
3 total
» build order
00:16 Altar of Kings
00:21 Farm
00:53 Farm
Random» NightElfpixkid (orange | 24 APM | 74 actions | 03:03)
Hero icon 1 Demon Hunter
Ability icon 1 Evasion

» actions
Build / train21
Enter build submenu6
Enter hero's abilities submenu1
Remove unit from queue1
Right click16
Select / deselect24
Use ability5
74 total
» units
Wisp18
18 total
» buildings
Altar of Elders1
Moon Well3
Ancient of Wonders1
5 total
» build order
00:07 Altar of Elders
00:14 Moon Well
01:10 Moon Well
01:25 Ancient of Wonders
02:19 Moon Well

Chat log

(00:10 / All) brucewillisUSA: xt//
(01:07 / Allies) brucewillisUSA: wood and gold pls
(01:13 / Allies) brucewillisUSA: to upgrd then
(01:17 / Allies) brucewillisUSA: wood pls gold pls
(01:18 / Allies) brucewillisUSA: fast
(01:26 / Allies) brucewillisUSA: FAST
(01:27 / Allies) brucewillisUSA: FAST
(01:28 / Allies) brucewillisUSA: FAST NOW
(01:28 / Allies) brucewillisUSA: FAST
(01:29 / Allies) brucewillisUSA: FASGT
(01:30 / Allies) brucewillisUSA: STATS
(01:31 / Allies) brucewillisUSA: FAST
(01:31 / Allies) brucewillisUSA: SAD
(01:32 / Allies) brucewillisUSA: AST
(01:32 / Allies) brucewillisUSA: AS
(01:32 / Allies) brucewillisUSA: SDF
(01:33 / Allies) brucewillisUSA: SDAF

(02:33 / Allies) TerrapinStation: heres a present from clan ggl green
(02:54 / Allies) polaczek: all
(03:02 / All) TerrapinStation: why leave
(03:03 / All) TerrapinStation: i tked green